 Dungeon Crawl Stone Soup version 0.19-a0-1035-gdbfb0c6 (webtiles) character file.

93 Gagarin the Vexing (level 4, -6/25 HPs)
             Began as a Kobold Arcane Marksman on July 29, 2016.
             Mangled by Crazy Yiuf
             ... wielding a +3 quarterstaff of chaos
              (11 damage)
             ... on level 3 of the Dungeon.
             The game lasted 00:10:46 (1904 turns).

Gagarin the Vexing (Kobold Arcane Marksman)         Turns: 1904, Time: 00:10:47

Health: -6/25      AC: 13    Str:  7    XL:     4   Next: 92%
Magic:  1/6        EV: 15    Int: 12    God:
Gold:   76         SH:  0    Dex: 14    Spells: 2 memorised, 3 levels left

rFire  + . .     SeeInvis .     A - +0 dagger (pain)
rCold  . . .     Gourm    .     e - +0 robe
rNeg   . . .     Faith    .     (shield restricted)
rPois  .         Spirit   .     (no helmet)
rElec  .         Dismiss  .     k - +1 cloak
rCorr  .         Reflect  .     (no gloves)
SustAt .         Harm     .     g - +0 pair of boots
MR     .....                    (no amulet)
Stlth  +.........               s - ring of protection from fire
                                h - +4 ring of protection

@: confused, not resistant to hostile enchantments, very unstealthy
A: rough black scales 1, blurry vision 1, carnivore 3, weak 1
a: no special abilities


You were on level 3 of the Dungeon.
You were completely stuffed.

You visited 1 branch of the dungeon, and saw 3 of its levels.

You collected 76 gold pieces.

Inventory:

Hand Weapons
 a - a +0 hand crossbow
 A - a +0 dagger of pain (weapon)
Missiles
 d - 10 bolts
Armour
 e - a +0 robe (worn)
 g - a +0 pair of boots (worn)
 k - a +1 cloak (worn)
Jewellery
 h - a +4 ring of protection (left hand)
 s - a ring of protection from fire (right hand)
Scrolls
 i - a scroll of amnesia {unknown}
 q - a scroll of fear {unknown}
 t - 3 scrolls of identify {unknown}
 u - 3 scrolls of enchant weapon {unknown}
 v - 4 scrolls of remove curse {unknown}
 w - a scroll of blinking {unknown}
 x - a scroll of teleportation {unknown}
 y - a scroll of recharging {unknown}
 z - 3 scrolls of enchant armour {unknown}
Potions
 j - a potion of agility {unknown}
 m - a potion of curing {unknown}
 n - a potion of might {unknown}
 p - a potion of haste {unknown}
 r - a potion of mutation
Books
 c - a book of Debilitation

   Spells                             Type                      Level
   a - Corona                         Hexes                        1
   b - Slow                           Hexes                        2
   c - Gell's Gravitas                Hexes/Translocation          3
   d - Inner Flame                    Hexes/Fire                   3
   e - Cause Fear                     Hexes                        4
   f - Leda's Liquefaction            Hexes/Earth                  4
Comestibles
 f - 2 meat rations
 l - a chunk of flesh
 o - a beef jerky


   Skills:
 + Level 1.2 Fighting
 + Level 3.4 Crossbows
 + Level 2.9 Dodging
 + Level 1.9 Spellcasting
 + Level 4.0 Hexes


You had 3 spell levels left.
You knew the following spells:

 Your Spells              Type           Power        Failure   Level  Hunger
a - Corona                Hex            ##.....      6%          1    ##.....
b - Slow                  Hex            ##......     10%         2    ###....


Dungeon Overview and Level Annotations

Branches:
Dungeon (3/15)

Altars:
Nemelex Xobeh

Annotations:
D:3 Crazy Yiuf


Innate Abilities, Weirdness & Mutations

You are small and have problems with some larger weapons.
You are carnivorous and can eat meat at any time.
You are partially covered in rough black scales. (AC +4, Dex -1)
Scrolls take you a little longer to read.
You are weak. (Str -2)


Message History

You hit Crazy Yiuf but do no damage.
Crazy Yiuf is moderately wounded.
Crazy Yiuf hits you but does no damage.
You hit Crazy Yiuf.
Crazy Yiuf is heavily wounded.
Crazy Yiuf barely misses you.
You hit Crazy Yiuf but do no damage.
Crazy Yiuf is heavily wounded.
Crazy Yiuf misses you.
You hit Crazy Yiuf but do no damage.
Crazy Yiuf is heavily wounded.
Crazy Yiuf barely misses you.
You hit Crazy Yiuf.
Crazy Yiuf is heavily wounded.
Crazy Yiuf stops glowing.
Crazy Yiuf hits you but does no damage.
You are confused.
You hit Crazy Yiuf.
Crazy Yiuf is heavily wounded.
Crazy Yiuf hits you with a quarterstaff of chaos!
You die...

#.## #.###.#### ##.#
#......... ##.##
#..##.#### ##...#
##.<...... #....#
##......## #....#
#.......#
########....###.......#
.......g........).....#
##....@..#####..#.####
#.......# ##.#..#
#.......# #..#.#
#.......# ##.#.#
#.......# #.#.#
######### #.#.#
###...### #.......#
#.......#


You could see Crazy Yiuf.

Vanquished Creatures
  3 gnolls (D:2)
  An adder (D:2)
  An ooze (D:2)
  2 dart slugs (D:1)
  2 giant geckos
  5 orcs
  2 giant cockroaches
  5 goblins
  3 hobgoblins (D:1)
  6 kobolds
  2 bats (D:1)
  3 giant newts
  6 rats
41 creatures vanquished.

Notes
Turn   | Place    | Note
-------+----------+-------------------------------------------
     0 | D:1      | Gagarin the Kobold Arcane Marksman began the quest for the Orb.
     0 | D:1      | Reached XP level 1. HP: 12/12 MP: 2/2
   183 | D:1      | Reached XP level 2. HP: 15/16 MP: 1/3
   247 | D:1      | Learned a level 2 spell: Slow
   328 | D:1      | Reached XP level 3. HP: 20/20 MP: 0/4
  1178 | D:2      | Reached XP level 4. HP: 23/25 MP: 2/6
  1221 | D:2      | Reached skill level 4 in Hexes
  1521 | D:2      | Found a sparkling altar of Nemelex Xobeh.
  1868 | D:3      | Found a runed door.
  1872 | D:3      | Noticed Crazy Yiuf
  1898 | D:3      | Gained mutation: You are partially covered in rough black scales. (AC +4, Dex -1) [potion of mutation]
  1898 | D:3      | Gained mutation: You are weak. (Str -2) [potion of mutation]
  1898 | D:3      | Gained mutation: Scrolls take you a little longer to read. [potion of mutation]
  1904 | D:3      | Mangled by Crazy Yiuf

Vault maps used:
D:1:      lightli_arrival_chessboard
D:2:      nemelex_dance_club_becter
D:3:      marbit_many_paths, lemuel_crystal_altar,
          minmay_misc_feat_secret_circle, uniq_crazy_yiuf_cottage, uniq_grinder

Skill      XL: |  1  2  3  4 |
---------------+-------------+-----
Crossbows      | 3 |  3.4
Hexes          | 4 |  4.0
Fighting       | |  1.2
Dodging        | |  2.9
Spellcasting   | |  1.9

Action                   |  1- 3 |  4- 6 || total
-------------------------+-------+-------++-------
Melee: Dagger            |    29 |    38 ||    67
 Fire: Hand crossbow     |    48 |    26 ||    74
 Cast: Corona            |    25 |     9 ||    34
       Slow              |       |     3 ||     3
  Use: Potion            |       |     1 ||     1
 Stab: Sleeping          |       |     1 ||     1
  Eat: Chunk             |    10 |     3 ||    13
Armor: Robe              |     9 |    12 ||    21
Dodge: Dodged            |    42 |    25 ||    67
